 Dungeon Crawl Stone Soup version 0.30-a0-422-g946f4849ff (webtiles) character file.

Game seed: 23270335427385884

1734768 Angani the Iron Dragon (level 27, 245/245 HPs)
             Began as a Grey Draconian Cinder Acolyte on Dec 6, 2022.
             Was a High Priest of Ignis.
             Escaped with the Orb
             ... and 3 runes on Dec 9, 2022!
             The game lasted 04:35:06 (69393 turns).

Angani the Iron Dragon (DrCA)                      Turns: 69393, Time: 04:35:07

Health: 245/245    AC: 27    Str: 22      XL:     27
Magic:  44/44      EV: 20    Int: 15 (16) God:    Ignis [*****.]
Gold:   3036       SH:  0    Dex: 11      Spells: 21/61 levels left

rFire   + + .      SeeInvis +    a - +5 great mace "Taorr" {speed, +Blink rN+ rCorr Stlth+}
rCold   + + +      Faith    .    (shield currently unavailable)
rNeg    + . .      Spirit   .    (body armour unavailable)
rPois   +          Reflect  .    W - +2 hood of the Assassin {Detection Stab+ Stlth++}
rElec   +          Harm     .    r - +0 cloak of Fedhas {Rampage rF+ Will+}
rCorr   +          Rampage  +    R - +2 pair of gloves "Mait" {rPois Regen+ Int-5}
Will    +++++                    L - +2 pair of boots {Fly}
Stlth   +++.......               S - amulet of Vitality {RegenMP++ Regen++}
HPRegen 3.00/turn                E - ring of Ycaugguf {rElec Str+6 Slay+3}
MPRegen 1.09/turn                X - ring "Runaveinti" {Contam rC+++ Will+++ Dex-4 SInv}

@: flying, studying Summonings
A: AC +18, amphibious, unfitting armour, cold-blooded, frail 1, wild magic 3,
inability to drink after injury 1
0: Orb of Zot
}: 3/15 runes: serpentine, barnacled, silver
a: Renounce Religion, Evoke Blink, Fiery Armour, Foxfire Swarm


You escaped.
You worshipped Ignis.
Ignis was extremely pleased with you.
You visited 10 branches of the dungeon, and saw 50 of its levels.
You visited 1 bazaar.
You also visited: Trove, Ossuary, Bailey, Gauntlet and Ice Cave.

You collected 9359 gold pieces.
You spent 6323 gold pieces at shops.

Inventory:

Hand Weapons
 a - the +5 great mace "Taorr" (weapon) {speed, +Blink rN+ rCorr Stlth+}
   (You acquired it on level 1 of the Snake Pit)

   Attacks with this weapon are significantly faster.
   rN:        It protects you from negative energy.
   +Blink:    It lets you blink.
   rCorr:     It protects you from acid and corrosion.
   Stlth:     It makes you more stealthy.
 b - the +9 great mace of Defence {venom, rElec rF+ Dex+3}
   (You found it on level 6 of the Dungeon)

   It poisons the flesh of those it strikes.
   Dex:       It affects your dexterity (+3).
   rF:        It protects you from fire.
   rElec:     It insulates you from electricity.
 c - the +3 Elemental Staff {rElec rF++ rC++ AC+5}
   (You acquired it on level 3 of the Elven Halls)

   If the wielder is skilled in Evocations, they can discharge powerful blasts
   of elemental energy when striking with it.
   It enhances your fire, ice, earth and air magic.
   AC:        It affects your AC (+5).
   rF:        It greatly protects you from fire.
   rC:        It greatly protects you from cold.
   rElec:     It insulates you from electricity.
Armour
 r - the +0 cloak of Fedhas (worn) {Rampage rF+ Will+}
   (You found it in a Gauntlet)

   rF:        It protects you from fire.
   Rampage:   It bestows one free step when moving towards enemies.
   Will:      It increases your willpower.
 L - a +2 pair of boots of flying (worn)
 R - the +2 pair of gloves "Mait" (worn) {rPois Regen+ Int-5}
   (You bought it in a shop on level 2 of the Orcish Mines)

   Int:       It affects your intelligence (-5).
   rPois:     It protects you from poison.
   Regen:     It increases your rate of health regeneration.
 W - the +2 hood of the Assassin (worn) {Detection Stab+ Stlth++}
   (You found it on level 2 of the Snake Pit)

   It allows the wearer to sense nearby creatures.
   It allows the wearer to make particularly effective stabbing attacks against
   helpless or unaware enemies with any weapon.
   Stlth:     It makes you much more stealthy.
Jewellery
 l - the amulet of Gicauf {Reflect rElec Will+ Regen+ Int+4 SH+5}
   (You found it on level 5 of the Lair of Beasts)

   [amulet of reflection]

   It reflects blocked missile attacks.
   Int:       It affects your intelligence (+4).
   rElec:     It insulates you from electricity.
   Regen:     It increases your rate of health regeneration.
   SH:        It affects your SH (+5).
   Will:      It increases your willpower.
 E - the ring of Ycaugguf (left hand) {rElec Str+6 Slay+3}
   (You bought it in a shop on level 3 of the Depths)

   [ring of strength]

   Str:       It affects your strength (+6).
   Slay:      It affects your accuracy & damage with ranged weapons and melee
   (+3).
   rElec:     It insulates you from electricity.
 Q - the amulet of Xeotuga {Reflect Rampage rF+ rC+ Slay+2 SH+5}
   (You found it in a Gauntlet)

   [amulet of reflection]

   It reflects blocked missile attacks.
   Slay:      It affects your accuracy & damage with ranged weapons and melee
   (+2).
   rF:        It protects you from fire.
   rC:        It protects you from cold.
   SH:        It affects your SH (+5).
   Rampage:   It bestows one free step when moving towards enemies.
 S - the amulet of Vitality (around neck) {RegenMP++ Regen++}
   (You took it off a royal mummy on level 1 of the Crypt)

   [amulet of magic regeneration]

   It increases your rate of magic regeneration.
   Regen:     It increases your rate of health regeneration.
 X - the ring "Runaveinti" (right hand) {Contam rC+++ Will+++ Dex-4 SInv}
   (You bought it in a shop on level 1 of the Vaults)

   [ring of see invisible]

   Dex:       It affects your dexterity (-4).
   rC:        It renders you almost immune to cold.
   SInv:      It lets you see invisible.
   Contam:    It causes magical contamination when unequipped.
   Will:      It greatly increases your willpower.
Wands
 e - a wand of digging (32)
 C - a wand of light (25)
 K - a wand of mindburst (32)
 M - a wand of iceblast (21)
 V - a wand of paralysis (46)
Scrolls
 g - 6 scrolls of butterflies
 h - 7 scrolls of poison
 k - 17 scrolls of fear
 o - 7 scrolls of magic mapping
 q - 12 scrolls of enchant armour
 u - 10 scrolls of immolation
 x - 5 scrolls of torment
 y - 3 scrolls of summoning
 I - 9 scrolls of amnesia
 N - 8 scrolls of vulnerability
 U - 6 scrolls of silence
 Z - 18 scrolls of teleportation
Potions
 j - 4 potions of brilliance
 m - a potion of haste
 n - 21 potions of curing
 p - 3 potions of invisibility
 s - 6 potions of cancellation
 t - 7 potions of magic
 v - 8 potions of berserk rage
 w - 17 potions of attraction
 z - 3 potions of ambrosia
 A - 2 potions of might
 D - 6 potions of mutation
 O - 2 potions of heal wounds
 P - 3 potions of resistance
 Y - 9 potions of lignification
Miscellaneous
 f - a box of beasts
 G - a phial of floods
 T - a condenser vane


   Skills:
 O Level 27 Fighting
 - Level 20.0 Maces & Flails
 - Level 20.2 Dodging
 - Level 10.0 Stealth
 + Level 17.7 Spellcasting
 - Level 13.0 Conjurations
 - Level 3.0 Fire Magic
 + Level 11.8 Ice Magic
 O Level 27 Earth Magic


You had 21 spell levels left.
You knew the following spells:

 Your Spells              Type           Power      Damage    Failure   Level
a - Frozen Ramparts       Ice            100%       1d16      2%          3
b - Passwall              Tmut/Erth      66%        N/A       1%          2
c - Stone Arrow           Conj/Erth      100%       3d13      1%          3
d - Apportation           Tloc           50%        N/A       16%         1
e - Shatter               Erth           54%        3d41*     22%         9
f - Ozocubu's Armour      Ice            75%        N/A       2%          3
g - Statue Form           Tmut/Erth      53%        N/A       12%         6
h - Borgnjor's Vile Clut  Necr/Erth      40%        N/A       4%          5
i - Lehudib's Crystal Sp  Conj/Erth      48%        10d11     24%         8

Your spell library contained the following spells:

 Spells                   Type           Power      Damage    Failure   Level
 Freeze                   Ice            100%       1d10      1%          1
 Magic Dart               Conj           100%       1d8       1%          1
 Sandblast                Erth           100%       2d20      1%          1
 Foxfire                  Conj/Fire      100%       2x1d9     2%          1
 Hailstorm                Conj/Ice       77%        3d16      2%          3
 Kiss of Death            Conj/Necr      100%       2d13      3%          1
 Shock                    Conj/Air       100%       1d9       3%          1
 Leda's Liquefaction      Hex/Erth       40%        N/A       3%          4
 Petrify                  Tmut/Erth      80%        N/A       3%          4
 Ensorcelled Hibernation  Hex/Ice        100%       N/A       4%          2
 Momentum Strike          Conj/Tloc      100%       3d10      4%          2
 Dazzling Flash           Conj/Hex       100%       N/A       6%          3
 Sticky Flame             Conj/Fire      63%        2d8       9%          4
 Scorch                   Fire           84%        2d9       10%         2
 Mephitic Cloud           Conj/Pois/Air  50%        N/A       11%         3
 Iskenderun's Mystic Bla  Conj/Tloc      58%        2d12      13%         4
 Ice Form                 Ice/Tmut       56%        N/A       14%         4
 Summon Ice Beast         Ice/Summ       56%        N/A       14%         4
 Necrotise                Necr           100%       1d9       16%         1
 Slow                     Hex            100%       N/A       16%         1
 Sting                    Tmut/Pois      100%       1d8       16%         1
 Summon Small Mammal      Summ           100%       N/A       16%         1
 Freezing Cloud           Conj/Ice/Air   32%        6-21      16%         5
 Fireball                 Conj/Fire      31%        3d13      17%         5
 Blink                    Tloc           50%        N/A       22%         2
 Call Imp                 Summ           25%        N/A       22%         2
 Cigotuvi's Dreadful Rot  Necr/Pois/Air  50%        N/A       22%         2
 Poisonous Vapours        Pois/Air       50%        N/A       22%         2
 Sublimation of Blood     Necr           25%        N/A       22%         2
 Inner Flame              Hex/Fire       33%        N/A       22%         3
 Ignite Poison            Fire/Tmut/Pois 30%        N/A       26%         3
 Kindle Blastsparks       Fire/Tloc/Air  60%        2d15      26%         3
 Irradiate                Conj/Tmut      29%        3d21      26%         5
 Lightning Bolt           Conj/Air       29%        1d45      26%         5
 Metabolic Englaciation   Hex/Ice        28%        N/A       30%         5
 Call Canine Familiar     Summ           25%        N/A       34%         3
 Confusing Touch          Hex            25%        N/A       34%         3
 Gell's Gravitas          Tloc           25%        N/A       34%         3
 Lesser Beckoning         Tloc           50%        N/A       34%         3
 Portal Projectile        Hex/Tloc       50%        N/A       34%         3
 Spider Form              Tmut/Pois      25%        N/A       34%         3
 Summon Guardian Golem    Hex/Summ       25%        N/A       34%         3
 Swiftness                Air            25%        N/A       34%         3
 Teleport Other           Tloc           25%        N/A       34%         3
 Tukima's Dance           Hex            25%        N/A       34%         3
 Vampiric Draining        Necr           25%        2d7       34%         3
 Vhi's Electric Charge    Tloc/Air       50%        N/A       34%         3
 Orb of Destruction       Conj           39%        9d11      41%         7
 Starburst                Conj/Fire      31%        6d10      52%         6
 Ozocubu's Refrigeration  Ice            37%        4d15      54%         7
 Airstrike                Air            12%        2d(2-18)  67%         4
 Anguish                  Hex/Necr       12%        N/A       67%         4
 Animate Dead             Necr           25%        N/A       67%         4
 Cause Fear               Hex            12%        N/A       67%         4
 Dispel Undead            Necr           25%        3d12      67%         4
 Manifold Assault         Tloc           25%        N/A       67%         4
 Olgreb's Toxic Radiance  Pois           25%        N/A       67%         4
 Passage of Golubria      Tloc           25%        N/A       67%         4
 Summon Lightning Spire   Summ/Air       25%        N/A       67%         4
 Agony                    Necr           25%        N/A       92%         5
 Alistair's Intoxication  Tmut/Pois      16%        N/A       92%         5
 Blade Hands              Tmut           12%        N/A       92%         5
 Silence                  Hex/Air        12%        N/A       92%         5
 Summon Forest            Summ/Tloc      12%        N/A       92%         5
 Summon Mana Viper        Hex/Summ       25%        N/A       92%         5
 Yara's Violent Unravell  Hex/Tmut       12%        3d7       92%         5
 Spellforged Servitor     Conj/Summ      29%        N/A       99%         7
 Death Channel            Necr           12%        N/A       100%        6
 Dispersal                Tloc           12%        N/A       100%        6
 Eringya's Noxious Bog    Tmut/Pois      12%        N/A       100%        6
 Summon Cactus Giant      Summ           12%        N/A       100%        6
 Dragon Form              Tmut           12%        N/A       100%        7
 Haunt                    Necr/Summ      12%        N/A       100%        7
 Monstrous Menagerie      Summ           12%        N/A       100%        7
 Summon Hydra             Summ           12%        N/A       100%        7
 Discord                  Hex            12%        N/A       100%        8
 Ignition                 Fire           21%        3d8       100%        8
 Necromutation            Tmut/Necr      12%        N/A       100%        8
 Chain Lightning          Conj/Air       29%        3d38      100%        9
 Fire Storm               Conj/Fire      31%        8d8       100%        9


Dungeon Overview and Level Annotations

Branches:
Dungeon (15/15)            Temple (0/1) D:5            Lair (5/5) D:8
 Shoals (4/4) Lair:3        Snake (4/4) Lair:3        Slime (0/5) Lair:4
    Orc (2/2) D:10            Elf (3/3) Orc:2        Vaults (5/5) D:13
  Crypt (3/3) Vaults:2       Tomb (0/3) Crypt:3      Depths (4/4) D:15
    Zot (5/5) Depths:4    Ossuary (visited)          Bailey (visited)
  IceCv (visited)         Gauntlet (visited)

Altars:
Ashenzari
Cheibriados
Elyvilon
Fedhas
Kikubaaqudgha
Okawaru
Ru
Sif Muna
Vehumet
Wu Jian
Yredelemnul
Zin
The Shining One
Jiyva

Shops:
D:2 !   Orc:1 =   Orc:2 [*=(   Elf:1 =   Elf:2 ?   Elf:3 (   Shoals:3 *
Shoals:4 =*   Snake:4 (   Vaults:1 =   Vaults:2 *(   Depths:3 ::=   Depths:4 (=

Portals:
Hell: Depths:1 Depths:2 Depths:3 Depths:4
Abyss: Depths:2 Depths:3
Pandemonium: Orc:2 Depths:1 Depths:2
Ziggurat: Depths:4

Annotations:
D:8 3 runed translucent doors, exclusion: 3 doors, Jaakounette's ghost, novice SpBr
D:11 2 transporters, Stoves66's ghost, journeyman MiFi
Lair:5 3 runed translucent doors, exclusion: oklob plant, sanka's ghost, journeyman DgHs
Snake:2 1 runed translucent door, Sibliwk's ghost, adept FoFi
Snake:4 1 exclusion
Elf:2 5 runed translucent doors, exclusion: 5 doors
Depths:3 2 runed translucent doors


Innate Abilities, Weirdness & Mutations

Your dull iron-grey scales are very hard. (AC +18)
You are amphibious.
You cannot fit into any form of body armour.
You are cold-blooded and may be slowed by cold attacks.
You are frail. (-10% HP)
Your spells are much harder to cast, but much more powerful.
You occasionally lose the ability to drink potions when taking damage.


Message History

Your transformation is almost over.
There is a stone staircase leading up here.
You climb upwards.
There is a stone staircase leading down here.
A lorocyproca comes into view.
You revert to your normal fleshy form.
The +2 pair of gloves "Mait" {rPois Regen+ Int-5} unmelds from your body.
Your +2 pair of boots of flying unmelds from your body.
You fly up into the air.
The lorocyproca completely misses you.
You sock the lorocyproca!
The lorocyproca is moderately wounded.
You flatten the lorocyproca like a pancake!!!
The lorocyproca is almost dead.
The lorocyproca misses you.
You bludgeon the lorocyproca!!
You kill the lorocyproca!
No target in view!
There is a stone staircase leading down here.
You see here a +0 leather armour.
There is a stone staircase leading up here.
You fly upwards.
There is a stone staircase leading down here.
A sixfirhy comes into view.
The sixfirhy hits you but does no damage.
You barely miss the sixfirhy. You sock the sixfirhy!
The sixfirhy is lightly wounded.
You closely miss the sixfirhy.
Your tail-slap misses the sixfirhy.
The sixfirhy is lightly wounded.
You hit the sixfirhy.
The sixfirhy is lightly wounded.
You sock the sixfirhy! You tail-slap the sixfirhy.
The sixfirhy is severely wounded.
You sock the sixfirhy!
You kill the sixfirhy!
You feel your intelligence returning.
No target in view!
There is a staircase leading out of the dungeon here.
You have escaped!

#.#....# #.# #####.#.#. #.##>..#
#.#####.....#... #.##...#
#.#...........## #.##...#
#.#.###.....#.#. #.##...#
#.#.#.....#.#.#. #.##...#
#.#.#.....#.#.#.
#.##...###.#.#####.#.#.#.
#.##....##.#.......#.#.#.
#.#..)..@#.#########.#.#.
#.##.#..##...........#.#.
#########....#...####.......##.#.
.......#####.#......'.......'..#.
.......# #.###.####.......####.
.......#####.....................
..........#..........######...###
.......[..#..........# #...#
..........#..........# #####


There were no monsters in sight!

Vanquished Creatures
  4 dread liches
  Khufu (Crypt:1)
  7 ancient liches
  7 orbs of fire
  Mennas (Vaults:3)
  A juggernaut (Depths:2)
  2 royal mummies (Crypt:1)
  Sojobo (Vaults:4)
  Frederick (Vaults:2)
  Xtahua (Depths:3)
  6 Killer Klowns
  Bai Suzhen (Vaults:3)
  Vashnia (Snake:2)
  Saint Roka (Snake:4)
  4 curse toes
  3 caustic shrikes (Depths:4)
  10 golden dragons
  Nikola (Snake:2)
  A bone dragon (Depths:3)
  A Tzitzimitl (Depths:4)
  4 hellephants
  4 doom hounds
  2 electric golems (Zot:5)
  Jorgrun (Snake:1)
  22 tentacled monstrosities
  A walking crystal tome (Depths:3)
  Rupert (Snake:1)
  3 deep elf blademasters
  3 liches
  26 Orb Guardians
  An Ice Fiend (D:5)
  A walking earthen tome (Depths:2)
  Grunn (Crypt:3)
  8 quicksilver dragons
  3 deep elf master archers
  8 titans
  A kraken (Shoals:4)
  A walking frostbound tome (Depths:3)
  8 sphinxes
  An ancient champion (Depths:3)
  17 death cobs
  Kirke (D:13)
  12 tengu reavers
  9 shadow dragons
  13 storm dragons
  Donald (Vaults:3)
  A revenant (Vaults:2)
  8 nagarajas
  3 rockslimes (Depths:3)
  9 draconian monks
  4 frost giants
  5 draconian knights
  10 fire giants
  18 vault wardens
  6 deep elf sorcerers
  3 ghost moths
  Aizul (Snake:1)
  A juggernaut zombie (Depths:1)
  6 balrugs
  6 draconian scorchers
  4 draconian stormcallers
  3 curse skulls
  4 iron dragons
  11 draconian shifters
  5 deep elf elementalists
  An angel (Depths:2)
  A spriggan defender (Depths:3)
  6 ghouls
  A demonspawn corrupter (Zot:4)
  An orc warlord (D:10)
  9 stone giants
  18 ironbound preservers
  10 draconian annihilators
  2 quicksilver oozes (Depths:3)
  6 war gargoyles
  26 very ugly things
  2 vampire knights
  4 reapers
  6 ironbound thunderhulks
  2 putrid mouths
  16 black draconians
  6 deep elf demonologists
  A minotaur (Gauntlet)
  20 green draconians
  Azrael (Snake:2)
  9 dire elephants
  15 white draconians
  4 deep elf annihilators
  2 white draconians (shapeshifter) (Zot:1)
  16 yellow draconians
  8 spark wasps
  3 lorocyprocas
  20 red draconians
  2 crystal guardians
  13 deep elf death magi
  19 purple draconians
  3 merfolk javelineers (Shoals:4)
  13 fire dragons
  4 mummy priests
  10 ettins
  4 eidola
  10 merfolk impalers
  A green death (Depths:1)
  An entropy weaver (Vaults:1)
  5 deep elf high priests
  9 great orbs of eyes
  3 hydras
  16 yaktaur captains
  7 ice dragons
  A spriggan zombie (Crypt:2)
  12 jiangshi
  4 rakshasas
  28 vault guards
  Erolcha (D:10)
  10 ironbound frosthearts
  A radroach (shapeshifter) (Zot:1)
  4 spriggan air magi
  2 spriggan skeletons
  13 anacondas
  Erica (D:10)
  An anaconda (shapeshifter) (Vaults:5)
  2 boulder beetles
  3 peacekeepers
  3 salamander tyrants
  A merfolk avatar (Shoals:1)
  4 ogre magi
  A two-headed ogre (shapeshifter) (Vaults:5)
  A catoblepas (Lair:5)
  4 satyrs
  10 two-headed ogres
  2 demonspawn (Orc:2)
  11 dancing weapons
  2 death scarabs (Depths:3)
  5 deep troll earth magi
  2 death knights
  8 centaur warriors
  22 death yaks
  A boulder beetle (shapeshifter) (Vaults:5)
  7 merfolk aquamancers
  10 deep troll shamans
  5 tengu warriors
  10 vampire magi
  3 shock serpents
  A titan zombie (Crypt:2)
  14 naga warriors
  Urug (Lair:4)
  A storm dragon zombie (Depths:1)
  3 soul eaters
  10 orc high priests
  4 spriggan berserkers
  4 sun demons
  24 hell knights
  Sonja (Lair:2)
  13 naga sharpshooters
  A fire crab (shapeshifter) (Vaults:5)
  7 salamander mystics
  12 skeletal warriors
  A bunyip zombie (Crypt:2)
  4 death drakes (Depths:4)
  6 deep elf knights
  A golden dragon zombie (Crypt:1)
  13 iron trolls
  5 sixfirhies
  An anaconda zombie (Crypt:2)
  70 deep trolls
  6 sea snakes (Shoals:4)
  2 orb spiders (Zot:1)
  10 deep elf archers
  8 flayed ghosts (Crypt:3)
  A golden dragon skeleton (Depths:3)
  10 wizards
  3 bog bodies (Crypt:1)
  4 glowing orange brains
  3 shadow demons
  Pikel (D:9)
  18 naga ritualists
  17 ironbound convokers
  20 phantasmal warriors
  An iron dragon zombie (Depths:3)
  3 lindwurms (Vaults:4)
  20 deep elf zephyrmancers
  12 necromancers
  A shadow dragon skeleton (Crypt:1)
  17 mana vipers
  9 orc sorcerers
  14 deep elf pyromancers
  A broodmother zombie (Crypt:2)
  38 ugly things
  17 salamanders
  A wolf spider (Vaults:5)
  15 harpies
  An oklob plant (Lair:2)
  9 fauns
  A fire giant zombie (Depths:1)
  2 sphinx skeletons (Depths:2)
  5 orc knights
  33 moths of wrath
  6 cyclopes
  A toenail golem (D:10)
  A frost giant zombie (Depths:2)
  An iron dragon skeleton (Crypt:2)
  18 manticores
  4 elephants
  3 rust devils (Depths:1)
  A fire giant skeleton (Vaults:2)
  8 water nymphs
  6 gargoyles
  A titan simulacrum (Depths:2)
  37 black mambas
  14 guardian serpents
  6 merfolk sirens
  14 vault sentinels
  11 naga magi
  An ice statue (Shoals:4)
  6 kobold demonologists
  10 cane toads
  2 torpor snails
  An unseen horror (D:9)
  A yaktaur zombie (Vaults:2)
  A hellion (Depths:2)
  3 centaur skeletons
  2 efreet
  5 smoke demons
  51 yaktaurs
  10 komodo dragons
  An alligator snapping turtle skeleton (Crypt:1)
  5 rime drakes
  Maggie (D:8)
  A golden dragon simulacrum (Depths:2)
  6 freezing wraiths
  An ice devil (Depths:2)
  2 tormentors
  8 tengu conjurers
  5 red devils
  45 merfolk
  2 merfolk (shapeshifter)
  7 guardian mummies
  2 harpy zombies (Zot:1)
  A mana viper zombie (Crypt:2)
  3 polar bears
  3 meliai (Gauntlet)
  5 blink frogs (Lair:5)
  A shadow dragon simulacrum (Depths:3)
  A tarantella (Vaults:1)
  5 trolls
  3 wind drakes
  A harpy skeleton (Crypt:3)
  A raiju (shapeshifter) (Elf:2)
  12 hornets
  6 snapping turtles
  A tarantella (shapeshifter) (D:14)
  An ettin zombie (Crypt:2)
  2 raiju (Zot:1)
  13 slime creatures
  2 black mamba zombies
  An ettin skeleton (Depths:1)
  15 dream sheep
  6 shadows
  16 spriggans
  An air elemental (Elf:3)
  7 wraiths
  A ynoxinul (Orc:2)
  23 water elementals
  3 wyverns
  A dire elephant simulacrum (IceCv)
  A black mamba skeleton (Crypt:2)
  2 hogs (D:13)
  52 yaks
  An ushabti (Crypt:3)
  5 redbacks
  3 golden eyes (D:5)
  14 fire elementals
  4 vampire mosquitoes (D:13)
  4 neqoxecs
  4 basilisks
  2 chaos spawn
  A harpy simulacrum (IceCv)
  5 wargs
  35 nagas
  3 acid dragons
  A faun zombie (Crypt:1)
  10 water moccasins
  A demonspawn skeleton (Crypt:2)
  A human skeleton (Vaults:2)
  5 floating eyes
  2 naga skeletons
  3 hell hounds
  A faun skeleton (Crypt:1)
  A glowing shapeshifter skeleton (Depths:3)
  An ice beast (Vaults:3)
  3 black bears
  An ettin simulacrum (Vaults:3)
  46 orc warriors
  A sky beast (D:7)
  3 ogres
  A spriggan simulacrum (Depths:1)
  13 wolves
  12 centaurs
  15 boggarts
  A snapping turtle skeleton (Crypt:1)
  A hog zombie (Crypt:1)
  A phantom (D:5)
  7 kobold brigands
  3 lemures (D:9)
  5 necrophages
  A wyvern zombie (Crypt:1)
  4 earth elementals
  A human zombie (Vaults:2)
  10 bullfrogs
  3 glowing shapeshifter simulacra
  4 scorpions
  A naga simulacrum (Crypt:2)
  5 wights
  A polar bear skeleton (Crypt:2)
  10 howler monkeys
  An electric eel (D:14)
  A black bear zombie (Crypt:1)
  2 jellies
  A hound (D:6)
  36 orc priests
  5 iguanas
  18 orc wizards
  2 black bear skeletons (Crypt:2)
  12 hell rats
  5 ogre zombies (Ossuary)
  19 mummies
  A gnoll (Bailey)
  4 adders
  2 shadow imps
  A swamp drake skeleton (Crypt:1)
  3 white imps
  3 ufetubi (Gauntlet)
  An adder zombie (Ossuary)
  4 worms
  A dart slug (D:2)
  90 orcs
  5 bats
  8 endoplasms
  5 giant cockroaches
  10 goblins
  7 hobgoblins
  2 jackals (D:4)
  33 kobolds
  2 quokkas (D:3)
  6 ball pythons
  A ball python skeleton (Crypt:2)
  4 frilled lizards
  2 gnoll zombies (Ossuary)
  2 goblin zombies (Ossuary)
  6 hobgoblin zombies (Ossuary)
  6 kobold zombies (Ossuary)
  An orc zombie (Ossuary)
  6 quokka zombies (Ossuary)
  7 rats
  A rat zombie (Ossuary)
  A bush (Lair:2)
  2 tentacles (Shoals:4)
2437 creatures vanquished.

Vanquished Creatures (collateral kills)
  A caustic shrike simulacrum (IceCv)
  2 golden dragon simulacra (IceCv)
  An alligator simulacrum (IceCv)
  2 lindwurm simulacra (IceCv)
6 creatures vanquished.

Vanquished Creatures (others)
  An ice dragon (Depths:4)
  An ugly thing (Depths:1)
  A human (D:14)
  An orc wizard (Orc:2)
  3 bushes
  A butterfly (Zot:1)
  20 demonic plants (Gauntlet)
  15 fungi
  271 plants
  8 tentacles (Shoals:4)
  52 withered plants (Crypt:3)
374 creatures vanquished.

Grand Total: 2817 creatures vanquished

Notes
Turn   | Place    | Note
-------+----------+-------------------------------------------
     0 | D:1      | Angani the Draconian Cinder Acolyte began the quest for the
                  | Orb.
     0 | D:1      | Reached XP level 1. HP: 19/19 MP: 2/2
    84 | D:1      | Found a faded altar of an unknown god.
   324 | D:1      | Reached XP level 2. HP: 24/26 MP: 3/3
   922 | D:2      | Found a broken altar of Ashenzari.
  1007 | D:2      | Found Teax's Distillery.
  1016 | D:2      | Reached skill level 1 in Dodging
  1021 | D:2      | Bought a potion of curing for 36 gold pieces
  1184 | D:2      | Reached XP level 3. HP: 31/33 MP: 4/4
  1189 | D:2      | Learned a level 3 spell: Frozen Ramparts
  1584 | D:2      | Bought a potion of lignification for 36 gold pieces
  1584 | D:2      | Bought a potion of lignification for 36 gold pieces
  1922 | D:3      | Reached skill level 1 in Ice Magic
  1922 | D:3      | Reached XP level 4. HP: 40/40 MP: 6/6
  2056 | D:3      | Found a sacrificial altar of Ru.
  2667 | D:4      | Noticed a black bear
  2705 | D:4      | Killed a black bear
  2706 | D:4      | Reached XP level 5. HP: 46/46 MP: 7/9
  3133 | D:4      | Found a blossoming altar of Fedhas.
  3260 | D:2      | Bought a potion of flight for 36 gold pieces
  3260 | D:2      | Bought a potion of brilliance for 48 gold pieces
  3260 | D:2      | Bought a potion of curing for 36 gold pieces
  3260 | D:2      | Bought a potion of lignification for 36 gold pieces
  3326 | D:5      | Entered Level 5 of the Dungeon
  3353 | D:5      | Reached XP level 6. HP: 52/52 MP: 4/11
  3568 | D:5      | Found a glowing silver altar of Zin.
  3865 | D:5      | Your scales start taking on a dull iron-grey colour.
  3865 | D:5      | Reached XP level 7. HP: 47/58 MP: 13/13
  4048 | D:5      | Found a staircase to the Ecumenical Temple.
  4170 | D:5      | Reached skill level 5 in Ice Magic
  4315 | D:5      | Reached skill level 5 in Spellcasting
  4963 | D:5      | Learned a level 2 spell: Passwall
  4967 | D:5      | Learned a level 3 spell: Stone Arrow
  5225 | D:6      | Identified the +9 great mace of Defence {venom, rElec rF+
                  | Dex+3}
  5243 | D:6      | Reached XP level 8. HP: 64/66 MP: 16/16
  5704 | D:6      | Found a basalt altar of Yredelemnul.
  6009 | D:7      | Found a sand-covered staircase.
  6017 | Ossuary  | Entered an ossuary
  6663 | D:7      | Found a white marble altar of Elyvilon.
  6701 | D:7      | You fall into a shaft and drop 3 floors!
  6701 | D:10     | Entered Level 10 of the Dungeon
  6722 | D:10     | Reached XP level 9. HP: 71/71 MP: 16/20
  6744 | D:10     | Found a flagged portal.
  6787 | Bailey   | Entered a bailey
  7002 | Bailey   | Reached XP level 10. HP: 67/78 MP: 21/23
  7140 | D:9      | Reached skill level 10 in Ice Magic
  7526 | D:9      | Identified the +0 scale mail of Vej Uheh {*Corrode rF- rC++
                  | rN+++}
  7571 | D:9      | Found an ornate altar of the Wu Jian Council.
  7695 | D:8      | Found a radiant altar of Vehumet.
  7968 | D:9      | Noticed Pikel
  7983 | D:9      | Killed Pikel
  7984 | D:9      | Reached skill level 10 in Spellcasting
  8135 | D:9      | Found an ancient bone altar of Kikubaaqudgha.
  9012 | D:8      | Found a staircase to the Lair.
  9338 | D:8      | Noticed Maggie
  9345 | D:8      | Killed Maggie
  9480 | D:8      | Found a runed translucent gate.
  9480 | D:8      | Found a runed translucent gate.
  9481 | D:8      | Found a runed translucent gate.
  9481 | D:8      | Noticed Jaakounette's ghost (novice SpBr)
  9608 | D:8      | Found a viscous altar of Jiyva.
 10297 | D:10     | Found a staircase to the Orcish Mines.
 10357 | D:10     | Noticed Erica
 10377 | D:10     | Killed Erica
 10378 | D:10     | Reached skill level 5 in Maces & Flails
 10378 | D:10     | Reached XP level 11. HP: 63/85 MP: 22/25
 10493 | D:10     | Found a snail-covered altar of Cheibriados.
 10591 | D:10     | Reached skill level 5 in Fighting
 10693 | D:10     | Found an iron altar of Okawaru.
 10882 | D:10     | Noticed a two-headed ogre
 10891 | D:10     | Killed a two-headed ogre
 11098 | Lair:1   | Entered Level 1 of the Lair of Beasts
 11437 | Lair:1   | You are sucked into a shaft and drop 1 floor!
 11832 | Lair:2   | Noticed Sonja
 11850 | Lair:2   | Killed Sonja
 12186 | Lair:2   | Found a blossoming altar of Fedhas.
 12210 | Lair:2   | Noticed an oklob plant
 12251 | Lair:2   | Killed an oklob plant
 12742 | Lair:3   | Noticed a death yak
 12742 | Lair:3   | Noticed a death yak
 12768 | Lair:3   | Noticed a death yak
 12834 | Lair:3   | Noticed a death yak
 12834 | Lair:3   | Noticed a death yak
 12846 | Lair:2   | Killed a death yak
 12847 | Lair:2   | Reached skill level 5 in Dodging
 13298 | Lair:3   | Reached XP level 12. HP: 91/100 MP: 22/26
 13754 | Lair:3   | Noticed a five-headed hydra
 13761 | Lair:3   | Killed a five-headed hydra
 13772 | Lair:3   | Reached skill level 10 in Maces & Flails
 14116 | Lair:3   | Killed a death yak
 14120 | Lair:3   | Killed a death yak
 14123 | Lair:3   | Killed a death yak
 14124 | Lair:3   | Killed a death yak
 14344 | Lair:3   | Found a staircase to the Snake Pit.
 14348 | Lair:3   | Found a staircase to the Shoals.
 14813 | Lair:4   | Noticed a death yak
 14815 | Lair:4   | Noticed a death yak
 14816 | Lair:4   | Noticed a death yak
 14819 | Lair:4   | Noticed a death yak
 14819 | Lair:4   | Noticed Urug
 14828 | Lair:4   | Killed Urug
 15085 | Lair:4   | Reached XP level 13. HP: 111/111 MP: 27/27
 15237 | Lair:4   | Found a viscous altar of Jiyva.
 15237 | Lair:4   | Found a staircase to the Slime Pits.
 15696 | Lair:4   | Reached skill level 10 in Fighting
 16365 | Lair:5   | Entered Level 5 of the Lair of Beasts
 16397 | Lair:5   | Found a runed translucent gate.
 16397 | Lair:5   | Found a runed translucent gate.
 16397 | Lair:5   | Found a runed translucent gate.
 16401 | Lair:5   | Noticed sanka's ghost (journeyman DgHs)
 16403 | Lair:5   | Learned a level 1 spell: Apportation
 17618 | Lair:5   | Reached XP level 14. HP: 99/124 MP: 22/28
 18085 | Lair:5   | Identified the amulet of Gicauf {Reflect rElec Will+ Regen+
                  | Int+4 SH+5}
 18100 | Lair:5   | Identified the +4 broad axe "Kas Ubbe" {drain, *Slow rPois
                  | MP+9 Int-5}
 18868 | D:11     | Found a shimmering blue altar of Sif Muna.
 18931 | D:11     | Noticed Stoves66's ghost (journeyman MiFi)
 18931 | D:11     | Found a transporter.
 19022 | D:11     | Found a transporter.
 19536 | D:12     | Paralysed by a floating eye for 2 turns
 19779 | D:12     | Reached skill level 15 in Maces & Flails
 19834 | D:12     | Identified the +0 ring mail "Cipsajid" {rF- rN+++ Will++
                  | rCorr}
 20446 | D:13     | Reached skill level 10 in Dodging
 20522 | D:13     | Found a glowing silver altar of Zin.
 20670 | D:13     | Found a gate to the Vaults.
 20796 | D:14     | Noticed Kirke
 20806 | D:13     | Noticed a sphinx
 20806 | D:13     | Killed Kirke
 21414 | D:15     | Entered Level 15 of the Dungeon
 21471 | D:15     | Reached XP level 15. HP: 106/134 MP: 27/29
 21609 | D:15     | Found a broken altar of Ashenzari.
 22017 | D:15     | Found a staircase to the Depths.
 22175 | Orc:1    | Entered Level 1 of the Orcish Mines
 22176 | Orc:1    | Noticed Erolcha
 22279 | D:10     | Killed Erolcha
 22607 | Orc:2    | Entered Level 2 of the Orcish Mines
 22659 | Orc:2    | Found a gate leading to a gauntlet.
 22668 | Gauntlet | Entered a Gauntlet
 22668 | Gauntlet | Found a transporter.
 22668 | Gauntlet | Found a transporter.
 22669 | Gauntlet | Found a transporter.
 22672 | Gauntlet | Found a transporter.
 22682 | Gauntlet | Found a transporter.
 22686 | Gauntlet | Found a transporter.
 22696 | Gauntlet | Found a transporter.
 22784 | Gauntlet | Found a transporter.
 22788 | Gauntlet | Found a transporter.
 22798 | Gauntlet | Found a transporter.
 22802 | Gauntlet | Found a transporter.
 22812 | Gauntlet | Found a transporter.
 23044 | Gauntlet | Identified the +0 helmet "Buyjij" {Harm}
 23086 | Gauntlet | Identified the amulet of Xeotuga {Reflect Rampage rF+ rC+
                  | Slay+2 SH+5}
 23131 | Gauntlet | Identified the +11 trident "Rawusch" {freeze, Dex+6}
 23144 | Gauntlet | Identified the +0 cloak of Fedhas {Rampage rF+ Will+}
 23144 | Gauntlet | Identified the +5 shortbow of True Grit {vorpal, Str-5
                  | Dex+5}
 23152 | Gauntlet | Identified the +4 battleaxe "Del Lief" {drain, MP+9}
 23152 | Gauntlet | Identified the +0 robe "Onioc" {rElec Archmagi}
 23355 | Orc:1    | Found Hogrowir's Jewellery Emporium.
 23582 | Orc:2    | Found Ninu's Antique Armour Shoppe.
 23592 | Orc:2    | Bought a pair of fading gloves for 285 gold pieces
 23592 | Orc:2    | Identified the +2 pair of gloves "Mait" {rPois Regen+
                  | Int-5} (You bought it in a shop on level 2 of the Orcish
                  | Mines)
 23645 | Orc:2    | Found a staircase to the Elven Halls.
 23808 | Orc:2    | Found Uskuliex's Distillery.
 23827 | Orc:2    | Found Xevye's General Store.
 24021 | Orc:2    | Bought a potion of attraction for 42 gold pieces
 24021 | Orc:2    | Bought a potion of curing for 42 gold pieces
 24021 | Orc:2    | Bought a potion of heal wounds for 70 gold pieces
 24021 | Orc:2    | Bought a potion of curing for 42 gold pieces
 24021 | Orc:2    | Bought a potion of attraction for 42 gold pieces
 24146 | Orc:2    | Found Penn's Antique Weapon Shoppe.
 24146 | Orc:2    | Found a one-way gate leading to the halls of Pandemonium.
 24146 | Orc:2    | Found Erphaschag's Jewellery Emporium.
 24169 | Orc:2    | Bought a glowing mace for 186 gold pieces
 24170 | Orc:2    | Bought a pitted morningstar for 279 gold pieces
 24170 | Orc:2    | Identified the +5 morningstar "Boehuhuc" {vorpal, rPois
                  | Dex+7} (You bought it in a shop on level 2 of the Orcish
                  | Mines)
 24496 | Orc:2    | Bought an embroidered scarf for 240 gold pieces
 24523 | Elf:1    | Entered Level 1 of the Elven Halls
 24867 | Elf:1    | Found Ughekoff's Jewellery Shoppe.
 24981 | Elf:1    | Identified the ring of Sovereignty {Ice MP+9}
 25015 | Elf:1    | Reached XP level 16. HP: 115/146 MP: 26/30
 25625 | Elf:2    | Found a huge runed translucent gate.
 25625 | Elf:2    | Found a huge runed translucent gate.
 25625 | Elf:2    | Found a huge runed translucent gate.
 25625 | Elf:2    | Found a huge runed translucent gate.
 25625 | Elf:2    | Found a huge runed translucent gate.
 25871 | Elf:2    | Found Hysk's Magic Scroll Emporium.
 25880 | Elf:2    | Bought a scroll of teleportation for 51 gold pieces
 25880 | Elf:2    | Bought a scroll of teleportation for 51 gold pieces
 25880 | Elf:2    | Bought a scroll of teleportation for 51 gold pieces
 25880 | Elf:2    | Bought a scroll of teleportation for 51 gold pieces
 25880 | Elf:2    | Bought a scroll of butterflies for 68 gold pieces
 26098 | Elf:3    | Entered Level 3 of the Elven Halls
 26138 | Elf:3    | Noticed an Executioner
 26140 | Elf:3    | Noticed a Hell Sentinel
 26416 | Elf:3    | Found Zeul's Weapon Emporium.
 27063 | Elf:3    | Identified a scroll of acquirement
 27064 | Elf:3    | Acquired the +3 Elemental Staff {rElec rF++ rC++ AC+5}
 27064 | Elf:3    | Found the +3 Elemental Staff {rElec rF++ rC++ AC+5}
 27179 | Elf:3    | Noticed a Hell Sentinel
 27971 | Elf:2    | Noticed a Hell Sentinel
 28057 | Elf:3    | Noticed a deep elf blademaster
 28070 | Elf:3    | Killed a deep elf blademaster
 28143 | Elf:3    | Noticed a deep elf master archer
 28156 | Elf:3    | Killed a deep elf master archer
 28167 | Elf:3    | Reached XP level 17. HP: 147/152 MP: 26/31
 28310 | Elf:3    | Identified the +0 battleaxe of Gosorosm {speed, Int+3}
 28312 | Elf:3    | Noticed a deep elf master archer
 28320 | Elf:3    | Killed a deep elf master archer
 28396 | Elf:3    | Noticed a deep elf blademaster
 28408 | Elf:3    | Killed a deep elf blademaster
 28653 | Elf:3    | Identified the +7 scale mail of the Orange {Will+ Regen+
                  | Int-5}
 28654 | Elf:3    | Identified the +10 dagger "Wofoal" {freeze, *Rage rPois
                  | rCorr}
 28654 | Elf:3    | Identified the ring "Rutedera" {rF+ Will+ MP+9 Int-4 SInv}
 28673 | Elf:3    | Identified the amulet "Peryfu Urar" {RegenMP rElec rPois
                  | Str+5}
 28678 | Elf:3    | Identified the +4 sling of Prudence {antimagic, rF+ rC-
                  | Will+}
 28683 | Elf:3    | Got the Essays on the Transmuted Dead
 28694 | Elf:3    | Identified the +3 short sword of Red Wine {speed, rPois
                  | Str+2 Int+4 Dex+2}
 29060 | Shoals:1 | Entered Level 1 of the Shoals
 30672 | Shoals:3 | Found Tutent's Overcharged Wands.
 30680 | Shoals:3 | Bought a wand of digging (11) for 693 gold pieces
 30680 | Shoals:3 | Bought a wand of digging (11) for 693 gold pieces
 31406 | Shoals:4 | Entered Level 4 of the Shoals
 31406 | Shoals:4 | Found Cuiwi's Jewellery Emporium.
 31418 | Shoals:4 | Reached skill level 15 in Dodging
 31449 | Shoals:4 | Found Kocaibre's CLEARANCE SALE!.
 31497 | Shoals:4 | Noticed a kraken
 31520 | Shoals:4 | Killed a kraken
 31633 | Shoals:4 | Identified the +3 leather armour of the Fiddle {MP+9 Int+5
                  | Slay-3 Stlth+}
 31633 | Shoals:4 | Identified the ring "Dufyrpha" {Str+6 Dex+6 SInv}
 31727 | Shoals:4 | Found a frozen archway.
 31741 | IceCv    | Entered an ice cave
 31786 | IceCv    | Found a transporter.
 31795 | IceCv    | Found a transporter.
 31875 | Shoals:4 | Upgraded the game from 0.30-a0-394-g3e4acdb0ae to
                  | 0.30-a0-404-g0b3c3f4973
 31971 | Shoals:4 | Bought a wand of iceblast (2) for 24 gold pieces
 31971 | Shoals:4 | Bought a scroll of magic mapping for 37 gold pieces
 32457 | Shoals:4 | Reached XP level 18. HP: 139/160 MP: 32/32
 32551 | Shoals:4 | Got a barnacled rune of Zot
 32643 | Snake:1  | Entered Level 1 of the Snake Pit
 32747 | Snake:1  | Noticed Aizul
 32774 | Snake:1  | Killed Aizul
 33144 | Snake:1  | Acquired the +5 great mace "Taorr" {speed, +Blink rN+ rCorr
                  | Stlth+}
 33315 | Snake:1  | Noticed Rupert
 33328 | Snake:1  | Killed Rupert
 33353 | Snake:1  | Noticed Jorgrun
 33367 | Snake:1  | Killed Jorgrun
 33814 | Snake:2  | Noticed Nikola
 33839 | Snake:2  | Found the +2 hood of the Assassin {Detection Stab+ Stlth++}
 33842 | Snake:2  | Killed Nikola
 34200 | Snake:2  | Noticed Azrael
 34280 | Snake:2  | Killed Azrael
 34368 | Snake:2  | Noticed Vashnia
 34425 | Snake:2  | HP: 4/161 [Vashnia/arrow (22)]
 34827 | Snake:2  | Found a runed translucent door.
 34828 | Snake:2  | Noticed Sibliwk's ghost (adept FoFi)
 35229 | Snake:2  | Killed Vashnia
 35230 | Snake:2  | Reached skill level 15 in Fighting
 35424 | Snake:3  | Reached skill level 1 in Stealth
 35548 | Snake:3  | Identified the ring "Vuiphu" {*Slow Fly Int+4 Dex+10}
 35695 | Snake:3  | Reached skill level 5 in Stealth
 36436 | Snake:4  | Entered Level 4 of the Snake Pit
 36530 | Snake:4  | Reached XP level 19. HP: 170/170 MP: 33/33
 36707 | Snake:4  | Noticed Saint Roka
 36781 | Snake:4  | Killed Saint Roka
 37234 | Snake:4  | Found Evuopt's Antique Weapon Boutique.
 37508 | Snake:4  | Reached skill level 10 in Stealth
 37560 | Snake:4  | Reached skill level 1 in Earth Magic
 37698 | Snake:4  | Reached skill level 5 in Earth Magic
 37970 | Snake:4  | Got a serpentine rune of Zot
 38450 | Vaults:1 | Entered Level 1 of the Vaults
 38720 | Vaults:1 | Reached skill level 10 in Earth Magic
 38758 | Vaults:1 | Acquired a book of the Moon
 38953 | Vaults:1 | You are sucked into a shaft and drop 1 floor!
 38955 | Vaults:2 | Found a huge runed gate.
 38955 | Vaults:2 | Found a huge runed gate.
 38955 | Vaults:2 | Found a huge runed gate.
 38955 | Vaults:2 | Found a huge runed gate.
 38955 | Vaults:2 | Found a huge runed gate.
 38955 | Vaults:2 | Found a huge runed gate.
 38955 | Vaults:2 | Found a huge runed gate.
 38955 | Vaults:2 | Found a huge runed gate.
 38957 | Vaults:2 | Found a huge runed gate.
 38957 | Vaults:2 | Found a huge runed gate.
 38957 | Vaults:2 | Found a huge runed gate.
 38958 | Vaults:2 | Found a huge runed gate.
 38959 | Vaults:2 | Found a huge runed gate.
 38960 | Vaults:2 | Found a huge runed gate.
 38968 | Vaults:2 | Found a huge runed gate.
 38968 | Vaults:2 | Found a huge runed gate.
 38968 | Vaults:2 | Found a huge runed gate.
 38968 | Vaults:2 | Found a huge runed gate.
 38968 | Vaults:2 | Found a huge runed gate.
 38968 | Vaults:2 | Found a huge runed gate.
 38969 | Vaults:2 | Found a huge runed gate.
 38973 | Vaults:2 | Found a huge runed gate.
 38974 | Vaults:2 | Found a huge runed gate.
 39228 | Vaults:2 | Found a huge runed gate.
 39228 | Vaults:2 | Found a huge runed gate.
 39228 | Vaults:2 | Found a huge runed gate.
 39229 | Vaults:2 | Found a huge runed gate.
 39230 | Vaults:2 | Found a huge runed gate.
 39231 | Vaults:2 | Found a huge runed gate.
 39232 | Vaults:2 | Found a huge runed gate.
 39233 | Vaults:2 | Found a huge runed gate.
 39234 | Vaults:2 | Found Vighaov's General Store.
 39235 | Vaults:2 | Found a huge runed gate.
 39243 | Vaults:2 | Bought a wand of digging (7) for 411 gold pieces
 39252 | Vaults:2 | Found a huge runed gate.
 39252 | Vaults:2 | Found a huge runed gate.
 39252 | Vaults:2 | Found a huge runed gate.
 39252 | Vaults:2 | Found a huge runed gate.
 39280 | Vaults:2 | Noticed Frederick
 39300 | Vaults:2 | Killed Frederick
 39539 | Vaults:1 | Reached XP level 20. HP: 178/178 MP: 34/34
 39550 | Vaults:1 | Learned a level 9 spell: Shatter
 39560 | Vaults:1 | Found Byrichad's Jewellery Boutique.
 39819 | Vaults:1 | Reached XP level 21. HP: 184/184 MP: 35/35
 39982 | Vaults:1 | Reached skill level 15 in Earth Magic
 40633 | Vaults:2 | Found Limoedyo's Weapon Emporium.
 40676 | Vaults:2 | Found a staircase to the Crypt.
 40755 | Vaults:2 | Found a portal to a secret trove of treasure.
 41436 | Vaults:2 | Identified the +6 rapier of the Feather {flame, Int+2}
 41699 | Vaults:3 | Noticed Donald
 41739 | Vaults:3 | Killed Donald
 41764 | Vaults:3 | Noticed Mennas
 41976 | Vaults:3 | Killed Mennas
 42716 | Vaults:3 | Noticed Bai Suzhen
 42719 | Vaults:3 | Killed Bai Suzhen
 42720 | Vaults:3 | Reached XP level 22. HP: 192/192 MP: 36/36
 44327 | Crypt:1  | Entered Level 1 of the Crypt
 45247 | Crypt:1  | Noticed a royal mummy
 45289 | Crypt:1  | Killed a royal mummy
 45385 | Crypt:1  | Noticed a royal mummy
 45415 | Crypt:1  | Noticed Khufu
 46478 | Crypt:2  | Identified the +1 robe of Wisdom {Harm rCorr Dex+2}
 46895 | Crypt:3  | Entered Level 3 of the Crypt
 46941 | Crypt:3  | Got Xulaos's Spellbook of the Undead
 47104 | Crypt:3  | Reached XP level 23. HP: 199/199 MP: 37/37
 47803 | Crypt:3  | Noticed Grunn
 48138 | Crypt:3  | Noticed an ancient lich
 48183 | Crypt:3  | Killed an ancient lich
 48278 | Crypt:3  | Killed Grunn
 48419 | Crypt:3  | Found a staircase to the Tomb.
 48552 | Crypt:3  | Found an ancient bone altar of Kikubaaqudgha.
 48554 | Crypt:3  | Noticed an ancient lich
 48558 | Crypt:3  | Killed an ancient lich
 48561 | Crypt:3  | Noticed an ancient lich
 48564 | Crypt:3  | Killed an ancient lich
 48596 | Crypt:3  | Noticed a dread lich
 48614 | Crypt:3  | Killed a dread lich
 48626 | Crypt:3  | Got the Volume of Shifting Battling
 48935 | Crypt:1  | Killed a royal mummy
 48936 | Crypt:1  | Killed Khufu
 48937 | Crypt:1  | Reached skill level 27 in Earth Magic
 50008 | Vaults:1 | Bought the ring "Runaveinti" {Contam rC+++ Will+++ Dex-4
                  | SInv} for 1136 gold pieces
 50809 | Vaults:2 | You paid a toll of a +5 demon blade to enter a treasure
                  | trove
 50810 | Trove    | Entered a treasure trove
 50836 | Trove    | Identified the ring "Sigras Tumo" {Fire rPois rN++ Str+5
                  | Dex-5}
 50844 | Trove    | Identified the ring of Reimbursement {EV+4 Str+6}
 51097 | Depths:1 | Entered Level 1 of the Depths
 51217 | Depths:1 | Paralysed by a floating eye for 2 turns
 51231 | Depths:1 | Paralysed by a floating eye for 4 turns
 51241 | Depths:1 | Paralysed by a floating eye for 4 turns
 51251 | Depths:1 | Paralysed by a floating eye for 4 turns
 51722 | Depths:1 | Learned a level 3 spell: Ozocubu's Armour
 52127 | Depths:1 | Found a gateway to Hell.
 52141 | Depths:1 | Found a shimmering blue altar of Sif Muna.
 52141 | Depths:1 | Identified the amulet of Iheahacree {RegenMP rF+ rC+++
                  | Regen+ MP-9}
 52742 | Depths:2 | Found a glowing golden altar of the Shining One.
 52758 | Depths:2 | Identified the +2 plate armour "Hiunedam" {Int+4}
 53093 | Depths:2 | Reached XP level 24. HP: 214/214 MP: 39/39
 53151 | Depths:2 | Identified the +1 ring mail of Vackukk {rN+ Slay+3}
 53356 | Depths:2 | Found a one-way gate to the infinite horrors of the Abyss.
 53517 | Depths:3 | Found a large runed translucent door.
 53518 | Depths:3 | Found a large runed translucent door.
 53542 | Depths:3 | Found a flickering gateway to a bazaar.
 53550 | Bazaar   | Entered a bazaar
 53575 | Bazaar   | Found Duvuwusch's Antique Weapon Emporium.
 53588 | Bazaar   | Found Erieqaco's Antique Weapon Shoppe.
 53605 | Bazaar   | Found Bueperu's Antique Armour Shoppe.
 53616 | Bazaar   | Found Jegh's Antique Armour Emporium.
 53855 | Depths:3 | Found Sijoipo's Jewellery Emporium.
 53855 | Depths:3 | Found Cusheiwk's Book Shop.
 53856 | Depths:3 | Found Haukus's Book Shop.
 53868 | Depths:3 | Bought the ring of Ycaugguf {rElec Str+6 Slay+3} for 1565
                  | gold pieces
 54191 | Depths:3 | Noticed a juggernaut
 54315 | Depths:3 | Noticed Xtahua
 54323 | Depths:3 | Killed Xtahua
 54460 | Depths:2 | Killed a juggernaut
 54515 | Depths:2 | Gained mutation: You are occasionally teleported next to
                  | monsters. [mutagenic glow]
 55044 | Depths:4 | Entered Level 4 of the Depths
 55245 | Depths:3 | Lost mutation: You are occasionally teleported next to
                  | monsters. [potion of mutation]
 55245 | Depths:3 | Gained mutation: You occasionally shout uncontrollably at
                  | your foes. [potion of mutation]
 55245 | Depths:3 | Gained mutation: Your magical capacity is low. (-10% MP)
                  | [potion of mutation]
 55245 | Depths:3 | Gained mutation: Your muscles are strong. (Str +4, Int/Dex
                  | -1) [potion of mutation]
 55246 | Depths:3 | Lost mutation: Your magical capacity is low. (-10% MP)
                  | [potion of mutation]
 55246 | Depths:3 | Lost mutation: You occasionally shout uncontrollably at
                  | your foes. [potion of mutation]
 55246 | Depths:3 | Gained mutation: Your flesh is cold resistant. (rC+)
                  | [potion of mutation]
 55246 | Depths:3 | Gained mutation: You have a pair of small antennae on your
                  | head. [potion of mutation]
 55247 | Depths:3 | Lost mutation: Your muscles are strong. (Str +4, Int/Dex
                  | -1) [potion of mutation]
 55247 | Depths:3 | Lost mutation: Your flesh is cold resistant. (rC+) [potion
                  | of mutation]
 55247 | Depths:3 | Lost mutation: You have a pair of small antennae on your
                  | head. [potion of mutation]
 55247 | Depths:3 | Gained mutation: Your spells are a little easier to cast,
                  | but a little less powerful. [potion of mutation]
 55247 | Depths:3 | Gained mutation: You are vulnerable to heat. (rF-) [potion
                  | of mutation]
 55248 | Depths:3 | Lost mutation: You are vulnerable to heat. (rF-) [potion of
                  | mutation]
 55248 | Depths:3 | Lost mutation: Your spells are a little easier to cast, but
                  | a little less powerful. [potion of mutation]
 55248 | Depths:3 | Gained mutation: You are vulnerable to cold. (rC-) [potion
                  | of mutation]
 55248 | Depths:3 | Gained mutation: You have sharp toenails. [potion of
                  | mutation]
 55248 | Depths:3 | Gained mutation: You are robust. (+10% HP) [potion of
                  | mutation]
 55492 | Depths:4 | Found Faleliru's Antique Weapon Shop.
 55497 | Depths:4 | Found Bauger's Jewellery Shop.
 55574 | Depths:4 | Found a one-way gateway to a ziggurat.
 55732 | Depths:4 | Identified the +11 lajatang "Vuiseagho" {vamp, *Rage +Blink
                  | Will++ Str+3}
 55732 | Depths:4 | Identified the +7 shadow dragon scales "Necsya" {Rampage
                  | rElec Int-3 Dex+3 Stlth++++}
 56303 | Depths:4 | Identified the +3 whip of Beusm {venom, Str+3 Stlth+}
 56303 | Depths:4 | Found the ring of the Octopus King {Fly HP+2 AC+2 EV+2
                  | SH+2}
 56309 | Depths:4 | Reached XP level 25. HP: 189/261 MP: 31/39
 56753 | Depths:4 | Found a gate to the Realm of Zot.
 57321 | Vaults:5 | Entered Level 5 of the Vaults
 57331 | Vaults:5 | Noticed Sojobo
 57410 | Vaults:4 | Paralysed by an air elemental for 1 turns
 57415 | Vaults:4 | Paralysed by an air elemental for 1 turns
 57419 | Vaults:4 | Paralysed by an air elemental for 1 turns
 57599 | Vaults:4 | Killed Sojobo
 57725 | Vaults:5 | Noticed an ancient lich
 57729 | Vaults:5 | Killed an ancient lich
 57729 | Vaults:5 | Identified the amulet of Uvoaced {Reflect rCorr SH+5}
 58039 | Vaults:5 | Identified the amulet of Xaluz {RegenMP Contam rElec rPois}
 58139 | Vaults:5 | Got a silver rune of Zot
 58352 | Vaults:5 | Identified the +9 spear of Yesterday {flame, Fly rElec
                  | Str-2}
 58368 | Vaults:5 | Identified the +5 scale mail of Beyond {rPois Int+4 Dex+2}
 58473 | Vaults:5 | Identified the +4 trident of Annihilation {antimagic, rN+}
 58803 | Vaults:5 | Identified the +11 hand axe "Dyteegg" {flame, rN+ Int+2}
 59297 | Zot:1    | Entered Level 1 of the Realm of Zot
 59558 | Zot:1    | Reached XP level 26. HP: 286/288 MP: 39/39
 60328 | Zot:1    | Reached skill level 27 in Fighting
 60808 | Zot:1    | Identified the +10 shortbow of Revolt {drain, Will+ Int+4}
 62389 | Zot:2    | Noticed an orb of fire
 62399 | Zot:2    | Gained mutation: You have hidden genetic defects. [an orb
                  | of fire]
 62407 | Zot:2    | Killed an orb of fire
 63463 | Zot:2    | Gained mutation: You occasionally shout uncontrollably at
                  | your foes. [hidden defects]
 64747 | Zot:3    | Learned a level 6 spell: Statue Form
 65455 | Zot:4    | Noticed an orb of fire
 65704 | Zot:4    | Reached skill level 15 in Spellcasting
 66002 | Zot:4    | Killed an orb of fire
 66003 | Zot:4    | Reached XP level 27. HP: 258/300 MP: 42/42
 66008 | Zot:4    | Gained mutation: You occasionally lose the ability to read
                  | scrolls when taking damage. [hidden defects]
 66008 | Zot:4    | Lost mutation: You have hidden genetic defects. [hidden
                  | defects expressed]
 66068 | Zot:4    | Lost mutation: You occasionally lose the ability to read
                  | scrolls when taking damage. [potion of mutation]
 66068 | Zot:4    | Lost mutation: You have sharp toenails. [potion of
                  | mutation]
 66068 | Zot:4    | Lost mutation: You are vulnerable to cold. (rC-) [potion of
                  | mutation]
 66068 | Zot:4    | Gained mutation: Your muscles are strong. (Str +4, Int/Dex
                  | -1) [potion of mutation]
 66068 | Zot:4    | Gained mutation: Your spells are a little harder to cast,
                  | but a little more powerful. [potion of mutation]
 66570 | Zot:5    | Entered Level 5 of the Realm of Zot
 66572 | Zot:5    | Upgraded the game from 0.30-a0-404-g0b3c3f4973 to
                  | 0.30-a0-422-g946f4849ff
 66578 | Zot:5    | Learned a level 5 spell: Borgnjor's Vile Clutch
 66587 | Zot:5    | Learned a level 8 spell: Lehudib's Crystal Spear
 66625 | Zot:5    | Reached skill level 1 in Conjurations
 66977 | Zot:5    | Reached skill level 5 in Conjurations
 67175 | Zot:5    | Noticed an orb of fire
 67176 | Zot:5    | Gained mutation: You are clumsy. (Dex -2) [an orb of fire]
 67193 | Zot:5    | Killed an orb of fire
 67196 | Zot:5    | Noticed a dread lich
 67200 | Zot:5    | Killed a dread lich
 67218 | Zot:5    | Noticed a dread lich
 67222 | Zot:5    | Killed a dread lich
 67265 | Zot:5    | Noticed an orb of fire
 67272 | Zot:5    | Noticed an orb of fire
 67273 | Zot:5    | Killed an orb of fire
 67275 | Zot:5    | Gained mutation: You are very clumsy. (Dex -4) [an orb of
                  | fire]
 67278 | Zot:5    | Gained mutation: You have hidden genetic defects. [an orb
                  | of fire]
 67281 | Zot:5    | Gained mutation: Potions are less effective at restoring
                  | your health. [an orb of fire]
 67285 | Zot:5    | Lost mutation: Your muscles are strong. (Str +4, Int/Dex
                  | -1) [an orb of fire]
 67291 | Zot:5    | Killed an orb of fire
 67435 | Zot:5    | Noticed an orb of fire
 67442 | Zot:5    | Gained mutation: Your body sometimes deteriorates upon
                  | taking damage. [an orb of fire]
 67457 | Zot:5    | Killed an orb of fire
 67472 | Zot:5    | Noticed an ancient lich
 67479 | Zot:5    | Killed an ancient lich
 67480 | Zot:5    | Reached skill level 10 in Conjurations
 67487 | Zot:5    | Noticed an orb of fire
 67507 | Zot:5    | Gained mutation: You occasionally lose the ability to read
                  | scrolls when taking damage. [an orb of fire]
 67518 | Zot:5    | Killed an orb of fire
 67579 | Zot:5    | Noticed an ancient lich
 67588 | Zot:5    | Killed an ancient lich
 67709 | Zot:5    | Gained mutation: You are weak. (Str -2) [hidden defects]
 67723 | Zot:5    | Lost mutation: You are very clumsy. (Dex -4) [potion of
                  | mutation]
 67723 | Zot:5    | Lost mutation: You are weak. (Str -2) [potion of mutation]
 67723 | Zot:5    | Lost mutation: You are robust. (+10% HP) [potion of
                  | mutation]
 67724 | Zot:5    | Lost mutation: Potions are less effective at restoring your
                  | health. [potion of mutation]
 67724 | Zot:5    | Lost mutation: You occasionally lose the ability to read
                  | scrolls when taking damage. [potion of mutation]
 67724 | Zot:5    | Gained mutation: Your muscles are strong. (Str +4, Int/Dex
                  | -1) [potion of mutation]
 67725 | Zot:5    | Lost mutation: Your muscles are strong. (Str +4, Int/Dex
                  | -1) [potion of mutation]
 67725 | Zot:5    | Lost mutation: You are clumsy. (Dex -2) [potion of
                  | mutation]
 67725 | Zot:5    | Lost mutation: You occasionally shout uncontrollably at
                  | your foes. [potion of mutation]
 67725 | Zot:5    | Gained mutation: Your spells are harder to cast, but more
                  | powerful. [potion of mutation]
 67726 | Zot:5    | Lost mutation: Your body sometimes deteriorates upon taking
                  | damage. [potion of mutation]
 67726 | Zot:5    | Lost mutation: You have hidden genetic defects. [potion of
                  | mutation]
 67726 | Zot:5    | Gained mutation: You occasionally lose the ability to drink
                  | potions when taking damage. [potion of mutation]
 67726 | Zot:5    | Gained mutation: Your spells are much harder to cast, but
                  | much more powerful. [potion of mutation]
 67849 | Zot:5    | Noticed a dread lich
 67866 | Zot:5    | Killed a dread lich
 67982 | Zot:5    | Noticed an ancient lich
 68005 | Zot:5    | Killed an ancient lich
 68718 | Zot:5    | Got the Orb of Zot
 68829 | Zot:2    | Gained mutation: You are frail. (-10% HP) [a neqoxec]
 68927 | Depths:4 | Noticed Zomus the pandemonium lord
 69190 | D:9      | Noticed Unucvatoff the pandemonium lord
 69393 | D:$      | Escaped with the Orb!

Illustrated notes

Levels and vault maps discovered:
D:1:      saegor_arrival_simple_a, layout_basic,
          hellmonk_ecumenical_altar_pennies_from_heaven, minmay_small_reverse_x
D:2:      layout_basic, serial_shops, nicolae_shop_trees, basic_altar
D:3:      layout_loops_corners, mainiacjoe_overflow_brackets,
          minmay_misc_feat_diagonals, minmay_misc_feat_x, lightli_corner_chamber
D:4:      layout_rooms, mainiacjoe_overflow_catwalk
D:5:      layout_layer_cave, mainiacjoe_overflow_alcove_1,
          minmay_temple_entry_statues
D:6:      layout_loops_cross, overflow_temple_1_default
D:7:      layout_gridville, mainiacjoe_overflow_six_doors_small,
          nicolae_ossuary_entry_plus
D:8:      layout_loops_ring, vehumet_altar_wand_db, david_lair_generic,
          serial_glass, glass_columns_c, glass_columns_a, glass_columns_a,
          glass_columns_a, gammafunk_ghost_ooze, uniq_maggie
D:9:      layout_loops_cross, lemuel_doored_altar, mainiacjoe_overflow_alcove_4,
          uniq_pikel
D:10:     layout_roguey, hellmonk_okawaru_the_only_friend_you_need,
          cheibriados_altar_1, orc_0_dummy, enter_bailey_3, uniq_erica
D:11:     layout_basic, gammafunk_ghost_arena, lemuel_blue_sif_altar
D:12:     hellmonk_paralyzer, layout_cave_pools
D:13:     layout_roguey, david_vaults_2, zin_statuary
D:14:     layout_rooms, hangedman_abyss_or_decor_passed, serial_bayou_lagoon_b,
          uniq_kirke
D:15:     grunt_enter_depths_hoard, layout_cave_pools,
          nicolae_ashenzari_skybound
Lair:1:   layout_regular_city
Lair:2:   layout_cave_shapes, tgw_fedhas, uniq_sonja
Lair:3:   kb_forest_paths, layout_hall_layers, elwin_shoals_entry_rocks,
          dummy_snake_entry
Lair:4:   layout_loops_ring, dpeg_slime_entry_enclosed, grunt_megastairs_5,
          serial_bayou_shore_b, uniq_urug
Lair:5:   grunt_lair_end_beastmaster, layout_cave_pods,
          ebering_ghost_rock_garden
Shoals:1: layout_shoals
Shoals:2: layout_shoals
Shoals:3: layout_shoals, nicolae_shop_overcharged_wands
Shoals:4: shoals_end_grunt_garden, layout_shoals, serial_shops,
          nicolae_shop_hallway_stairs, portal_ice_cave_entry_ice_statue_one,
          nicolae_shop_clearance
Snake:1:  cheibrodos_snake_lava_hold, layout_onion_interference, uniq_rupert,
          uniq_aizul, uniq_jorgrun
Snake:2:  layout_chambers, ebering_ghost_inner_flame, nicolae_triple_integral,
          uniq_vashnia, uniq_azrael, uniq_nikola
Snake:3:  layout_cave_town, nicolae_snake_naga_rites
Snake:4:  grunt_snake_rune_serpentine_throne, layout_cave_town, serial_shops,
          shop_coins, uniq_saint_roka
Orc:1:    layout_diamond_mine, serial_shops, shop, uniq_erolcha
Orc:2:    pf_orc_diabolical, layout_diamond_mine, gauntlet_entry_generic,
          abandoned_shop, guppyfry_orc_lava_fort
Elf:1:    eino_elf_arrival_the_gate, layout_gridlike, evilmike_minifort,
          minmay_shop_enchanted_jewellery
Elf:2:    elven_hall_of_blades_hangedman_alternative [nicolae_blade_tridents],
          layout_geoelf_octagon, serial_shops, nicolae_shop_crystal,
          serial_sigils_hangedman_leer
Elf:3:    minmay_elf_hall_curves, layout_onion_city, serial_shops,
          nicolae_shop_bloodbath_and_beyond
Vaults:1: grunt_vaults_hallway_short, nicolae_vaults_mini_display_case,
          nicolae_vaults_quartermaster, ontoclasm_vaults_idyll,
          hangedman_vaults_stream, vaults_dpeg_emergency_exit, v_rooms_1,
          vaults_room_hallway, layout_vaults_omnigrid, serial_shops, shop
Vaults:2: hangedman_vaults_stagger, hangedman_vaults_nodes,
          minmay_crypt_entry_simple_box, vaults_room_pools, not_door_vault_due,
          vaults_standard_mumra_lines, vaults_room_mumra_shop_pool,
          vaults_mumra_chevron_long, nicolae_vaults_little_squares_1,
          vaults_dpeg_ring, hangedman_vaults_pinch, layout_vaults_ring,
          serial_shops, nicolae_shop_statue_plus,
          nicolae_trove_entry_path_of_doom, uniq_frederick
Vaults:3: nicolae_vaults_little_ls, v_alt_pattern_3, nicolae_vaults_big_ls,
          v_pattern_4, v_misc_33, serial_ice_h, layout_vaults_big_room,
          uniq_mennas, uniq_bai_suzhen, uniq_donald
Vaults:4: nicolae_vaults_network_star, v_misc_10, ontoclasm_vaults_ligature,
          v_rooms_6, nicolae_vaults_ring_of_whatevers, v_alt_pattern_4,
          nicolae_vaults_little_squares_6, v_misc_28, grunt_vaults_hallway_long,
          layout_vaults_omnicross, serial_shops, uniq_margery
Vaults:5: serial_shops, uniq_sojobo
Crypt:1:  ragdoll_tomb_raider, layout_misc_corridors
Crypt:2:  layout_basic, grunt_ministairs_14, hangedman_weighted_door
Crypt:3:  quadcrypt_mu, uniq_grunn
Depths:1: layout_long_grid, minmay_fountain_box, grunt_pan_entry_in_and_out,
          hell_entry, hangedman_summoners_spam, grunt_megastairs_4
Depths:2: abrahamwl_protected_by_tso_2, layout_cave_pools,
          hangedman_tar_grid_catacomb, marbit_kobold_abyss_entry,
          dk_noncrumbling_2, rand_demon_pan_entry_7
Depths:3: lightli_eight_chambers, layout_twisted_cross, serial_rivers,
          chequers_serial_rivers_room_b, chequers_serial_rivers_small_a,
          chequers_serial_rivers_large_a, chequers_serial_rivers_small_b,
          chequers_serial_rivers_room_b, serial_shops, bzr_entry_dummy,
          grunt_decor_mini_mirrors, abyss_entry, hell_entry,
          kennysheep_generic_room_15, infiniplex_staircase_zigzag_1,
          minmay_shop_grove, uniq_xtahua
Depths:4: lemuel_castle_with_subvaults [lemuel_castle_interior_carwin_3],
          layout_basic, enter_ziggurat_e, lightli_too_deep,
          minmay_misc_feat_pillars, beargit_elvish_explorers, minmay_shop_star
Zot:1:    hangedman_orp_of_zott, layout_basic
Zot:2:    grunt_deathspiral_small, layout_concentric_octagons
Zot:3:    layout_gridlike, grunt_megastairs_3
Zot:4:    layout_gridlike
Zot:5:    layout_onion

Skill      XL: |  1  2  3  4  5  6  7  8  9 10 11 12 13 14 15 16 17 18 19 20 21 22 23 24 25 26 27 |
---------------+----------------------------------------------------------------------------------+-----
Dodging        | 1 2 5 7 8 10 11 13 16 18 20 | 20.2
Ice Magic      | 1 2 3 4 6 8 9 11 | 11.8
Spellcasting   | 3 4 5 7 9 10 12 15 17 | 17.7
Fighting       | 4 7 9 11 12 14 15 17 22 26 27 | 27.0
Maces & Flails | 5 8 11 13 15 17 20 | 20.0
Stealth        | 8 10 | 10.0
Earth Magic    | 13 14 20 25 27 | 27.0
Conjurations   | 13 | 13.0
Fire Magic     | |  3.0

Action                   |  1- 3 |  4- 6 |  7- 9 | 10-12 | 13-15 | 16-18 | 19-21 | 22-24 | 25-27 || total
-------------------------+-------+-------+-------+-------+-------+-------+-------+-------+-------++-------
Melee: Mace              |   118 |   135 |    54 |       |       |       |       |       |       ||   307
       Tailslap          |    14 |    17 |    25 |    71 |   175 |   297 |   286 |   563 |   461 ||  1909
       Punch             |     1 |     1 |     1 |       |       |       |       |       |       ||     3
       Great mace        |       |       |   148 |   427 |   950 |  1726 |  1221 |  2293 |  1877 ||  8642
       Staff             |       |       |       |       |       |       |       |     1 |       ||     1
       Kick              |       |       |       |       |       |       |       |       |    25 ||    25
 Cast: Frozen Ramparts   |       |    12 |    20 |    32 |    84 |    18 |    44 |    21 |    62 ||   293
       Passwall          |       |       |       |       |       |       |     6 |       |       ||     6
       Shatter           |       |       |       |       |       |       |       |    62 |    76 ||   138
       Ozocubu's Armour  |       |       |       |       |       |       |       |     8 |    21 ||    29
       Stone Arrow       |       |       |       |       |       |       |       |       |     6 ||     6
       Statue Form       |       |       |       |       |       |       |       |       |    43 ||    43
       Borgnjor's Vile C |       |       |       |       |       |       |       |       |    48 ||    48
Invok: Rising Flame      |       |       |       |       |       |     1 |       |       |       ||     1
       Fiery Armour      |       |       |       |       |       |       |     1 |       |       ||     1
 Abil: End Transformatio |       |       |       |       |       |       |       |       |     2 ||     2
Evoke: Wand              |       |       |       |    26 |     1 |       |       |     1 |     6 ||    34
       Condenser vane    |       |       |       |       |       |     3 |     1 |     1 |     3 ||     8
       Phial of floods   |       |       |       |       |       |     2 |       |       |       ||     2
  Use: Potion            |     2 |     3 |     2 |     5 |    10 |     6 |     4 |    13 |    21 ||    66
       Scroll            |       |     6 |     5 |    13 |    11 |    20 |     3 |     5 |    16 ||    79
 Stab: Sleeping          |       |       |     1 |     1 |       |    14 |    73 |    92 |    28 ||   209
       Paralysed         |       |       |       |     6 |       |       |       |       |       ||     6
       Invisible         |       |       |       |       |     5 |       |       |       |       ||     5
       Distracted        |       |       |       |       |     1 |     1 |     7 |    14 |     6 ||    29
       Confused          |       |       |       |       |       |     3 |       |     1 |       ||     4
Armor: Skin              |    47 |    72 |    79 |   220 |   404 |   523 |   241 |   679 |   862 ||  3127
Dodge: Dodged            |    86 |    63 |    89 |   298 |   663 |   998 |   863 |  1674 |  1071 ||  5805
Block: Other             |     6 |    44 |    45 |    79 |   215 |   286 |   181 |   155 |       ||  1011
       Reflection        |       |       |     4 |     4 |     6 |    43 |    19 |       |       ||    76

Table legend: (Time is in decaauts)
 A = Elapsed time spent in this place.
 B = Non-inter-level travel time spent in this place.
 C = Inter-level travel time spent in this place.
 D = Time resting spent in this place.
 E = Time spent auto-exploring this place.
 F = Levels seen in this place.
 G = Mean time per level.
                   A        B        C        D        E       F      G
               +--------+--------+--------+--------+--------+-----+--------+
         Total |  67342 |  60439 |   6903 |  12127 |  26244 |  56 | 1202.5 |
       Dungeon |  15682 |  13193 |   2489 |   2153 |   8246 |  15 | 1045.5 |
          Lair |   7958 |   7289 |    669 |   2732 |   3046 |   5 | 1591.6 |
        Shoals |   3525 |   3135 |    390 |    270 |   1634 |   4 |  881.2 |
     Snake Pit |   5329 |   4925 |    404 |    691 |   2450 |   4 | 1332.2 |
  Orcish Mines |   1722 |   1567 |    155 |    139 |    654 |   2 |  861.0 |
   Elven Halls |   4266 |   4038 |    228 |   1146 |   1682 |   3 | 1422.0 |
        Vaults |   7734 |   6564 |   1170 |   1086 |   3241 |   5 | 1546.8 |
         Crypt |   4350 |   4082 |    268 |    874 |   1067 |   3 | 1450.0 |
        Depths |   5676 |   5325 |    351 |    830 |   2266 |   4 | 1419.0 |
           Zot |   9532 |   8757 |    775 |   1985 |   1524 |   5 | 1906.4 |
        Bazaar |     81 |     81 |      0 |     16 |     61 |   1 |   81.0 |
         Trove |     43 |     43 |      0 |      0 |      0 |   1 |   43.0 |
       Ossuary |    519 |    519 |      0 |     39 |    222 |   1 |  519.0 |
        Bailey |    321 |    321 |      0 |     71 |      0 |   1 |  321.0 |
      Ice Cave |     96 |     96 |      0 |     28 |      0 |   1 |   96.0 |
      Gauntlet |    502 |    502 |      0 |     65 |    150 |   1 |  502.0 |
               +--------+--------+--------+--------+--------+-----+--------+

Top non-repeatable levels by time:
   Zot:2: 2980 daAuts
   Zot:5: 2461 daAuts
  Lair:5: 2148 daAuts
     D:9: 2013 daAuts
   Zot:1: 2008 daAuts
   Elf:2: 1889 daAuts
  Lair:3: 1839 daAuts
Vaults:2: 1832 daAuts
     D:5: 1827 daAuts
 Crypt:3: 1798 daAuts
Vaults:1: 1783 daAuts
Vaults:4: 1719 daAuts
 Crypt:1: 1687 daAuts
 Snake:2: 1669 daAuts
Depths:4: 1663 daAuts
